 Dungeon Crawl Stone Soup version 0.16.1-51-g6203257 (webtiles) character file.

109 Miyamura the Insei (level 4, 0/29 HPs)
             Began as an Octopode Transmuter on July 2, 2015.
             Slain by an orc
             ... wielding a +0 dagger
              (4 damage)
             ... on level 3 of the Dungeon.
             The game lasted 00:07:11 (2664 turns).

Miyamura the Insei (Octopode Transmuter)            Turns: 2664, Time: 00:07:11

Health: 0/29       AC:  1    Str:  9    XL:     4   Next: 90%
Magic:  8/8        EV: 12    Int: 16    God:
Gold:   136        SH:  0    Dex: 12    Spells: 2 memorised, 4 levels left

rFire  . . .     SeeInvis .       - Unarmed
rCold  . . .     Clarity  .     (no shield)
rNeg   . . .     SustAb   .     (helmet restricted)
rPois  .         Gourm    .     e - amulet of resist corrosion
rElec  .         Spirit   .     (no ring)
rCorr  +         Warding  .     (no ring)
rMut   .         Stasis   .     (no ring)
MR     .....                    (no ring)
Stlth  ++........               (no ring)
                                (no ring)
                                (no ring)
                                (no ring)

@: very slightly contaminated, not resistant to hostile enchantments, unstealthy
A: almost no armour, amphibious, 8 rings, constrict 8, camouflage 1, gelatinous
body 1
a: no special abilities


You were on level 3 of the Dungeon.
You were hungry.

You visited 1 branch of the dungeon, and saw 3 of its levels.

You collected 136 gold pieces.

Inventory:

Missiles
 b - 12 arrows
Jewellery
 e - an amulet of resist corrosion (around mantle)
Scrolls
 g - 3 scrolls of teleportation
 i - a scroll of immolation
 j - a scroll of recharging
Potions
 f - 2 potions of might
 k - a potion of magic
 n - a potion of heal wounds {unknown}
Books
 d - a book of Changes

   Spells                             Type                      Level
   a - Beastly Appendage              Transmutation                1
   b - Sticks to Snakes               Transmutation                2
   c - Spider Form                    Transmutation/Poison         3
   d - Ice Form                       Ice/Transmutation            4
   e - Blade Hands                    Transmutation                5
Comestibles
 a - 3 bread rations
 c - a slice of pizza
 h - 2 fruits
 l - a meat ration
 m - 6 chunks of flesh
 o - a beef jerky


   Skills:
 + Level 2.2 Fighting
 + Level 2.3 Dodging
 + Level 3.6 Unarmed Combat
 + Level 2.7 Spellcasting
 + Level 2.8 Transmutations


You had 4 spell levels left.
You knew the following spells:

 Your Spells              Type           Power        Failure   Level  Hunger
a - Beastly Appendage     Trmt           ##....       8%          1    #......
b - Spider Form           Trmt/Pois      #.........   34%         3    ###....


Dungeon Overview and Level Annotations

Branches:
Dungeon (3/15)

Altars:
Ru


Innate Abilities, Weirdness & Mutations

You cannot wear most types of armour.
You are amphibious.
You can wear up to eight rings at the same time.
You can use your tentacles to constrict many enemies at once.
Your skin changes colour to match your surroundings (Stealth).
Your rubbery body absorbs attacks (AC +1).


Message History

The ooze misses you. The orc hits you with a dagger.
* * * LOW HITPOINT WARNING * * *
Things that are here:
a short sword; 23 stones; a kobold corpse You see here a tomahawk.
You tentacle-slap the ooze.
The ooze is heavily wounded.
The ooze closely misses you.
You tentacle-slap the ooze.
The ooze is almost dead.
You tentacle-slap the ooze.
You kill the ooze!
You tentacle-slap the orc. You grab the orc.
The orc is lightly wounded.
You constrict the orc. The orc hits you with a dagger.
* * * LOW HITPOINT WARNING * * *
You tentacle-slap the orc. Your squeeze misses the orc.
The orc is moderately wounded.
You constrict the orc. The orc hits you with a dagger.
You die...

######...## ##....##
##.##.#..###### ####...
..####...#.........#########
#.................)..........
####....#####..####...###.
#.##.## #..# ###.###.
##.##..## #.... #.....
#..#....# #.##...#####..
#.##.##@# #..###........
#.##.##o###..# ######...
#..#.##......# #..##
#..._........## #...#..
#.##.#........# #.#####
#.##..........# #..
..###.........# . ### #.##
#.........## #.. #.
#.....(....# #.#


You could see an orc.

Vanquished Creatures
  6 adders (D:2)
  2 oozes
  A giant cockroach (D:1)
  8 goblins
  6 hobgoblins
  3 jackals (D:3)
  7 kobolds
  5 bats
  5 giant newts
  19 rats
62 creatures vanquished.

Notes
Turn   | Place    | Note
--------------------------------------------------------------
     0 | D:1      | Miyamura, the Octopode Transmuter, began the quest for the Orb.
     0 | D:1      | Reached XP level 1. HP: 13/13 MP: 3/3
   159 | D:1      | Reached XP level 2. HP: 18/18 MP: 4/4
   814 | D:1      | Reached XP level 3. HP: 23/23 MP: 6/6
  1815 | D:2      | Reached XP level 4. HP: 26/29 MP: 6/8
  1893 | D:2      | Learned a level 3 spell: Spider Form
  2607 | D:3      | Found a sacrificial altar of Ru.
  2664 | D:3      | Slain by an orc

Action                   |  1- 3 |  4- 6 || total
-------------------------+-------+-------++-------
Melee: Unarmed           |    92 |    51 ||   143
 Cast: Beastly Appendage |     3 |     3 ||     6
  Use: Scroll            |     4 |     2 ||     6
 Stab: Sleeping          |     3 |     1 ||     4
  Eat: Chunk             |     3 |     2 ||     5
